 Dungeon Crawl Stone Soup version 0.25.0-17-g773c8c6189 (webtiles) character file.

Game seed: 7211661799774120979

13462 DungeonDestroyer the Blocker (level 12, -2/96 HPs)
             Began as a Gnoll Fighter on June 29, 2020.
             Was a High Priest of Elyvilon (penitent).
             Slain by a death yak (13 damage)
             ... on level 2 of the Lair of Beasts on June 30, 2020.
             The game lasted 00:36:30 (14448 turns).

DungeonDestroyer the Blocker (Gnoll Fighter)       Turns: 14448, Time: 00:36:30

Health: -2/96      AC: 18    Str: 21    XL:     12   Next: 6%
Magic:  22/22      EV: 13    Int: 12    God:    Elyvilon [*]
Gold:   230        SH: 13    Dex: 18    Spells: 24/24 levels left

rFire    . . .     SeeInvis +   a - +1 war axe
rCold    . . .     Gourm    .   c - +1 kite shield
rNeg     . . .     Faith    .   C - +0 chain mail
rPois    +         Spirit   .   M - +1 hat {SInv}
rElec    .         Reflect  .   (no cloak)
rCorr    +         Harm     .   E - +2 pair of gloves of Wonderful Freedom {MR+ Int+2}
MR       ++...                  m - +1 pair of boots
Stlth    +.........             (no amulet)
HPRegen  0.26/turn              k - ring of protection from magic
MPRegen  0.18/turn              o - ring of resist corrosion

@: no status effects
A: distributed training, fangs 1, repulsion field 1, agile 1, dopey 1, poison
resistance, strong nose
a: Renounce Religion


You were on level 2 of the Lair of Beasts.
You worshipped Elyvilon.
Elyvilon was demanding penance.
You were full.

You visited 3 branches of the dungeon, and saw 14 of its levels.

You collected 681 gold pieces.
You spent 451 gold pieces at shops.

Inventory:

Hand Weapons
 a - a +1 war axe (weapon)
 H - a +0 flail of protection
 J - a +4 scimitar of flaming
Missiles
 i - 379 stones (quivered)
 j - 279 arrows
 l - 72 poisoned darts
 n - 85 bolts
 v - 121 sling bullets
 G - 12 boomerangs
 I - 2 throwing nets
 K - 6 silver javelins
Armour
 c - a +1 kite shield (worn)
 m - a +1 pair of boots (worn)
 C - a +0 chain mail (worn)
 E - the +2 pair of gloves of Wonderful Freedom (worn) {MR+ Int+2}
   (You found it on level 6 of the Dungeon)

   It affects your intelligence (+2).
   It affects your resistance to hostile enchantments.
 M - a +1 hat of see invisible (worn)
Jewellery
 k - a ring of protection from magic (left hand)
 o - a ring of resist corrosion (right hand)
Wands
 b - a wand of paralysis (8)
 q - a wand of polymorph (8)
 s - a wand of enslavement (7)
 x - a wand of iceblast (12)
 D - a wand of flame (20)
 Q - a wand of acid (11)
Scrolls
 e - 3 scrolls of enchant armour
 h - 3 scrolls of identify
 p - 2 scrolls of magic mapping
 r - 2 scrolls of immolation
 t - a scroll of fog
 w - 6 scrolls of teleportation
 y - 5 scrolls of remove curse
 A - 2 scrolls of amnesia
 F - 2 scrolls of enchant weapon
 N - a scroll of fear
 P - a scroll of summoning
 U - a scroll of vulnerability {unknown}
Potions
 d - a potion of might
 g - 5 potions of curing
 u - 2 potions of magic
 z - 2 potions of brilliance
 B - a potion of mutation
 L - a potion of heal wounds
 O - a potion of resistance
 S - 2 potions of flight
 T - a potion of stabbing
Miscellaneous
 R - a box of beasts
Comestibles
 f - 16 rations


   Skills:
 + Level 9.5 Fighting
 + Level 6.8 Short Blades
 + Level 6.8 Long Blades
 + Level 8.3 Axes
 + Level 6.8 Maces & Flails
 + Level 6.8 Polearms
 + Level 6.8 Staves
 + Level 6.8 Slings
 + Level 6.8 Bows
 + Level 6.8 Crossbows
 + Level 6.8 Throwing
 + Level 9.5 Armour
 + Level 6.8 Dodging
 + Level 6.8 Stealth
 + Level 9.5 Shields
 + Level 6.8 Unarmed Combat
 + Level 6.8 Spellcasting
 + Level 5.6 Conjurations
 + Level 5.6 Hexes
 + Level 5.6 Charms
 + Level 5.6 Summonings
 + Level 5.6 Necromancy
 + Level 5.6 Translocations
 + Level 5.6 Transmutations
 + Level 5.6 Fire Magic
 + Level 5.6 Ice Magic
 + Level 5.6 Air Magic
 + Level 5.6 Earth Magic
 + Level 5.6 Poison Magic
 + Level 7.4 Invocations
 + Level 6.8 Evocations


You had 24 spell levels left.
You didn't know any spells.
Your spell library contained the following spells:

 Spells                   Type           Power        Failure   Level  Hunger
 Apportation              Tloc           ###...       22%         1    None
 Beastly Appendage        Tmut           ###...       22%         1    None
 Summon Butterflies       Summ           ###.....     22%         1    None
 Sticks to Snakes         Tmut           ###.....     32%         2    #......
 Lesser Beckoning         Tloc           ###.......   54%         3    ###....
 Spider Form              Tmut/Pois      ###.......   54%         3    ###....
 Tukima's Dance           Hex            ###.....     54%         3    ###....
 Ice Form                 Ice/Tmut       ###.....     91%         4    ####...
 Alistair's Intoxication  Tmut/Pois      ###.....     99%         5    ######.
 Blade Hands              Tmut           ###.......   99%         5    ######.
 Invisibility             Hex            ###.....     100%        6    #######


Dungeon Overview and Level Annotations

Branches:
Dungeon (10/15)            Temple (1/1) D:6            Lair (3/6) D:10
  Swamp (0/4) Lair:2       Spider (0/4) Lair:2
    Orc: D:9-12

Altars:
Ashenzari
Cheibriados
Dithmenos
Elyvilon
Fedhas
Gozag
Hepliaklqana
Kikubaaqudgha
Makhleb
Nemelex Xobeh
Okawaru
Qazlal
Ru
Sif Muna
Trog
Uskayaw
Vehumet
Wu Jian
Xom
Yredelemnul
Zin
The Shining One

Shops:
D:5 ****

Annotations:
D:8 2 transporters, kelmiir's ghost, novice FoFi


Innate Abilities, Weirdness & Mutations

Your experience applies equally to all skills.
You have very sharp teeth.
Your uncanny sense of smell can sniff out nearby items.
You are surrounded by a mild repulsion field. (EV +2)
You are agile. (Dex +2)
You are dopey. (Int -2)
Your system is resistant to poisons. (rPois)


Message History

* * * LOW HITPOINT WARNING * * *
You block the death yak's attack.
Really attack near the death yaks while asking for your life to be spared?
This attack would place you under penance!
You slash the death yak!
You kill the death yak!
Elyvilon does not appreciate your shedding blood when asking for salvation!
You feel extremely guilty. "You will pay for your transgression, mortal!"
Your divine vigour fades away.
You have reached level 12!
Your experience leads to an increase in your attributes!
Your base attributes are Str 20, Int 11, Dex 16.
Increase (S)trength, (I)ntelligence, or (D)exterity?
Uppercase letters only, please.
You feel stronger.
You feel clever.
You hit the death yak but do no damage. The death yak gores you!
* * * LOW HITPOINT WARNING * * *
Your divine protection fades away.
The death yak gores you!
You die...

≈≈≈..............#......♣♣≈≈≈≈≈≈≈
≈P≈......##......#......♣♣♣≈≈≈≈≈≈
≈≈........#....)##......♣♣...≈≈≈≈
≈P.......#.######........♣♣...♣♣♣
≈≈.......#.#####.......♣♣♣♣♣..§§§
PP........<............♣>≈≈♣♣♣♣§§
≈≈.....................♣♣≈≈≈♣♣♣§§
≈P.............Y.......♣♣♣...♣♣♣.
≈P≈........####.@......#♣§§§≈≈≈≈§
P≈..........# #####....♣♣§§§§≈≈≈≈
≈≈≈........########.....♣♣..≈≈§≈≈
...........# #...##....♣♣.§.♣♣§§.
...........# #..###....♣♣§...§§§♣
...PP......###..##P....#♣♣♣.§§♣♣♣
...##......##)..P##....♣♣.♣♣♣♣♣..
....#........+..###.....#...##...
'####......#.#..###.....#.^.##...


You could see a death yak.

Vanquished Creatures
  Gastronok (D:9)
  2 hydras (Lair:2)
  Erica (D:8)
  A two-headed ogre (D:10)
  A death yak (Lair:2)
  An unseen horror (D:10)
  A spiny frog (Lair:2)
  A tyrant leech (Lair:2)
  A hippogriff (Lair:1)
  8 blink frogs (Lair:1)
  A wyvern (D:8)
  4 yaks (Lair:2)
  2 hungry ghosts
  5 water moccasins
  5 porcupines
  An ice beast (D:8)
  An eye of draining (D:10)
  4 ogres
  4 black bears
  A phantom (D:5)
  2 crocodiles (Lair:1)
  7 centaurs
  2 big kobolds (D:7)
  A gnoll sergeant (D:10)
  12 bullfrogs
  3 scorpions
  3 wights (D:10)
  2 crimson imps
  A jelly (D:7)
  An orc priest (D:10)
  A bullfrog skeleton (D:7)
  10 hounds
  3 orc wizards
  Ijyb (D:5)
  6 iguanas
  Natasha (thrice) (D:4)
  7 worker ants
  A killer bee zombie (D:7)
  A hound skeleton (D:10)
  10 adders
  7 gnolls
  A shadow imp (D:7)
  2 adder skeletons
  2 worms
  A dart slug (D:4)
  5 leopard geckos
  16 orcs
  A ball python (D:5)
  11 bats
  3 giant cockroaches
  6 goblins
  5 hobgoblins
  9 jackals
  16 kobolds
  5 quokkas
  2 frilled lizards
  2 quokka skeletons
  3 rats
  2 fungi
222 creatures vanquished.

Vanquished Creatures (others)
  A bush (D:8)
  18 fungi
  A plant (D:10)
20 creatures vanquished.

Grand Total: 242 creatures vanquished

Notes
Turn   | Place    | Note
-------+----------+-------------------------------------------
     0 | D:1      | DungeonDestroyer the Gnoll Fighter began the quest for the
                  | Orb.
     0 | D:1      | Reached XP level 1. HP: 23/23 MP: 1/1
   209 | D:1      | Reached XP level 2. HP: 29/29 MP: 2/2
   740 | D:2      | Found a white marble altar of Elyvilon.
   767 | D:2      | Reached XP level 3. HP: 35/35 MP: 3/3
   783 | D:2      | Became a worshipper of Elyvilon the Healer
   785 | D:2      | Found a snail-covered altar of Cheibriados.
   979 | D:2      | Reached skill level 1 in Invocations
  1157 | D:2      | Reached skill level 1 in Short Blades
  1157 | D:2      | Reached skill level 1 in Long Blades
  1157 | D:2      | Reached skill level 1 in Maces & Flails
  1157 | D:2      | Reached skill level 1 in Polearms
  1157 | D:2      | Reached skill level 1 in Staves
  1157 | D:2      | Reached skill level 1 in Slings
  1157 | D:2      | Reached skill level 1 in Bows
  1157 | D:2      | Reached skill level 1 in Crossbows
  1157 | D:2      | Reached skill level 1 in Throwing
  1157 | D:2      | Reached skill level 1 in Dodging
  1157 | D:2      | Reached skill level 1 in Stealth
  1157 | D:2      | Reached skill level 1 in Unarmed Combat
  1157 | D:2      | Reached skill level 1 in Spellcasting
  1157 | D:2      | Reached skill level 1 in Evocations
  1157 | D:2      | Reached XP level 4. HP: 41/41 MP: 5/5
  1232 | D:2      | Reached * piety under Elyvilon
  1462 | D:2      | Found an opulent altar of Gozag.
  1466 | D:2      | Found a hazy altar of Hepliaklqana.
  2196 | D:3      | Reached ** piety under Elyvilon
  2477 | D:3      | Reached skill level 1 in Conjurations
  2477 | D:3      | Reached skill level 1 in Hexes
  2477 | D:3      | Reached skill level 1 in Charms
  2477 | D:3      | Reached skill level 1 in Summonings
  2477 | D:3      | Reached skill level 1 in Necromancy
  2477 | D:3      | Reached skill level 1 in Translocations
  2477 | D:3      | Reached skill level 1 in Transmutations
  2477 | D:3      | Reached skill level 1 in Fire Magic
  2477 | D:3      | Reached skill level 1 in Ice Magic
  2477 | D:3      | Reached skill level 1 in Air Magic
  2477 | D:3      | Reached skill level 1 in Earth Magic
  2477 | D:3      | Reached skill level 1 in Poison Magic
  2897 | D:4      | Noticed Natasha
  2905 | D:4      | Killed Natasha
  2905 | D:4      | Reached XP level 5. HP: 30/47 MP: 5/7
  2965 | D:4      | Noticed Natasha
  2972 | D:4      | Killed Natasha
  3191 | D:4      | Reached XP level 6. HP: 49/53 MP: 8/8
  3536 | D:4      | Noticed Natasha
  3545 | D:4      | Killed Natasha
  3713 | D:5      | Entered Level 5 of the Dungeon
  3752 | D:5      | Noticed a phantom
  3760 | D:5      | Found Raecluc's General Store.
  3768 | D:5      | Killed a phantom
  3768 | D:5      | Reached skill level 5 in Axes
  3785 | D:5      | Bought a potion of mutation for 96 gold pieces
  3785 | D:5      | Bought a scroll of immolation for 42 gold pieces
  3785 | D:5      | Bought a ration for 60 gold pieces
  3793 | D:5      | Gained mutation: Scrolls take you a little longer to read.
                  | [potion of mutation]
  3793 | D:5      | Gained mutation: Your system is resistant to poisons.
                  | (rPois) [potion of mutation]
  3793 | D:5      | Gained mutation: You are agile. (Dex +2) [potion of
                  | mutation]
  3818 | D:5      | Reached XP level 7. HP: 20/59 MP: 10/10
  4018 | D:5      | Found Fygaxto's General Store.
  4019 | D:5      | Reached *** piety under Elyvilon
  4027 | D:5      | Bought a scroll of identify for 24 gold pieces
  4038 | D:5      | Found Boheij's Assorted Antiques.
  4072 | D:5      | Found a basalt altar of Yredelemnul.
  4078 | D:5      | Noticed Ijyb
  4103 | D:5      | Killed Ijyb
  4223 | D:5      | Found Wuukhlal's General Store.
  4235 | D:5      | Bought a potion of degeneration for 13 gold pieces
  4306 | D:5      | Found a bloodstained altar of Trog.
  4751 | D:6      | Found a staircase to the Ecumenical Temple.
  4949 | D:6      | Reached XP level 8. HP: 54/67 MP: 12/12
  5298 | D:6      | Found a radiant altar of Vehumet.
  5298 | D:6      | Found an ancient bone altar of Kikubaaqudgha.
  5377 | Temple   | Entered the Ecumenical Temple
  5480 | D:6      | Got a pair of brightly glowing gloves
  5486 | D:6      | Identified the +2 pair of gloves of Wonderful Freedom {MR+
                  | Int+2} (You found it on level 6 of the Dungeon)
  5618 | D:7      | Reached **** piety under Elyvilon
  5722 | D:7      | Found a white marble altar of Elyvilon.
  5859 | D:7      | Identified the +8 quarterstaff of the Tent {venom, rN+
                  | Int+4 Stlth+} (You found it on level 7 of the Dungeon)
  5996 | D:7      | Found a glowing golden altar of the Shining One.
  6292 | D:7      | Reached XP level 9. HP: 31/72 MP: 14/14
  6900 | D:8      | Found a stormy altar of Qazlal.
  6906 | D:8      | Found a blossoming altar of Fedhas.
  6914 | D:8      | Noticed a moth of wrath
  6915 | D:8      | Noticed kelmiir's ghost (novice FoFi)
  7161 | D:8      | Noticed Erica
  7180 | D:8      | Killed Erica
  7352 | D:8      | Found a transporter.
  7363 | D:8      | Found a transporter.
  7547 | D:8      | Reached ***** piety under Elyvilon
  7562 | D:8      | Reached skill level 5 in Invocations
  7971 | D:8      | Found a shimmering blue altar of Sif Muna.
  8508 | D:5      | Bought a scroll of magic mapping for 45 gold pieces
  8508 | D:5      | Bought a scroll of identify for 26 gold pieces
  8563 | D:5      | Bought a scroll of enchant weapon for 90 gold pieces
  8575 | D:5      | Bought a lumpy ruby potion for 26 gold pieces
  8575 | D:5      | Bought a scroll labeled REISA QIATSAU for 29 gold pieces
  8701 | D:9      | Noticed Gastronok
  8725 | D:9      | Killed Gastronok
  8725 | D:9      | Reached skill level 5 in Short Blades
  8725 | D:9      | Reached skill level 5 in Long Blades
  8725 | D:9      | Reached skill level 5 in Maces & Flails
  8725 | D:9      | Reached skill level 5 in Polearms
  8725 | D:9      | Reached skill level 5 in Staves
  8725 | D:9      | Reached skill level 5 in Slings
  8725 | D:9      | Reached skill level 5 in Bows
  8725 | D:9      | Reached skill level 5 in Crossbows
  8725 | D:9      | Reached skill level 5 in Throwing
  8725 | D:9      | Reached skill level 5 in Dodging
  8725 | D:9      | Reached skill level 5 in Stealth
  8725 | D:9      | Reached skill level 5 in Unarmed Combat
  8725 | D:9      | Reached skill level 5 in Spellcasting
  8725 | D:9      | Reached skill level 5 in Evocations
  8725 | D:9      | Reached XP level 10. HP: 82/82 MP: 17/17
  9390 | D:9      | Found a sacrificial altar of Ru.
  9635 | D:10     | Entered Level 10 of the Dungeon
  9929 | D:10     | Noticed an unseen horror
  9964 | D:10     | Killed an unseen horror
 10118 | D:10     | Noticed a two-headed ogre
 10134 | D:10     | Killed a two-headed ogre
 10134 | D:10     | Reached XP level 11. HP: 27/87 MP: 19/19
 10586 | D:9      | Lost mutation: Scrolls take you a little longer to read.
                  | [potion of mutation]
 10586 | D:9      | Gained mutation: You are dopey. (Int -2) [potion of
                  | mutation]
 10586 | D:9      | Gained mutation: You are surrounded by a mild repulsion
                  | field. (EV +2) [potion of mutation]
 10660 | D:10     | Found an opulent altar of Gozag.
 10725 | D:10     | Found a staircase to the Lair.
 10973 | Lair:1   | Entered Level 1 of the Lair of Beasts
 10996 | Lair:1   | Reached ****** piety under Elyvilon
 11217 | Lair:1   | Reached skill level 5 in Conjurations
 11217 | Lair:1   | Reached skill level 5 in Hexes
 11217 | Lair:1   | Reached skill level 5 in Charms
 11217 | Lair:1   | Reached skill level 5 in Summonings
 11217 | Lair:1   | Reached skill level 5 in Necromancy
 11217 | Lair:1   | Reached skill level 5 in Translocations
 11217 | Lair:1   | Reached skill level 5 in Transmutations
 11217 | Lair:1   | Reached skill level 5 in Fire Magic
 11217 | Lair:1   | Reached skill level 5 in Ice Magic
 11217 | Lair:1   | Reached skill level 5 in Air Magic
 11217 | Lair:1   | Reached skill level 5 in Earth Magic
 11217 | Lair:1   | Reached skill level 5 in Poison Magic
 11593 | Lair:1   | Upgraded the game from 0.25.0-15-gac7dcb8919 to
                  | 0.25.0-17-g773c8c6189
 12261 | Lair:1   | Found a basalt altar of Yredelemnul.
 13440 | Lair:2   | Found a hole to the Spider Nest.
 13547 | Lair:2   | Noticed a six-headed hydra
 13559 | Lair:2   | Killed a one-headed hydra
 13582 | Lair:2   | Found a staircase to the Swamp.
 13585 | Lair:2   | Noticed a seven-headed hydra
 13592 | Lair:2   | Killed a four-headed hydra
 14166 | Lair:3   | Noticed a death yak
 14166 | Lair:3   | Noticed a death yak
 14167 | Lair:3   | Noticed a death yak
 14409 | Lair:2   | Killed a death yak
 14409 | Lair:2   | Was placed under penance by Elyvilon
 14409 | Lair:2   | Reached XP level 12. HP: 8/96 MP: 22/22
 14409 | Lair:2   | HP: 1/96 [death yak (8)]
 14448 | Lair:2   | Slain by a death yak

Illustrated notes

Levels and vault maps discovered:
D:1:      ebering_hopf_link, layout_rooms
D:2:      layout_basic, lemuel_crystal_altar, nicolae_overflow_hidden_temple
D:3:      layout_loops_corners
D:4:      layout_loops_ring, minivault_11, hangedman_decor_riveting,
          uniq_natasha
D:5:      layout_rooms, lemuel_doored_altar, first_ration, serial_shops, shop,
          shop, nicolae_shop_competitors_out_of_business,
          nicolae_shop_statue_plus, yredelemnul_altar_generic, uniq_ijyb
D:6:      layout_cave_pools, gammafunk_temple_overflow_elements,
          minmay_temple_entry_tees, kennysheep_flooded_box
D:7:      minmay_chambers_of_fours, layout_basic, marbit_many_paths,
          grunt_ogre_cave, elyvilon_altar_1
D:8:      layout_gridville, grunt_temple_overflow_forces_of_nature,
          overflow_temple_1_default, gammafunk_ghost_berserking_beasts,
          kb_lookout_dungeons_type, uniq_erica
D:9:      layout_basic, overflow_temple_1_default, uniq_gastronok
D:10:     layout_cave_pools, due_lair_maze_entry_diamond, basic_altar
Temple:   eino_wide_crystal_templ
Lair:1:   layout_regular_city, lemuel_centaur_altar
Lair:2:   layout_regular_city, palyth_hydra_swamp_entry,
          spider_nest_entry_web_field, serial_bayou_shore_a
Lair:3:   layout_cave_pods, basic_altar

Skill      XL: |  1  2  3  4  5  6  7  8  9 10 11 |
---------------+----------------------------------+-----
Invocations    | 1 2 3 4 5 6 7 |  7.4
Short Blades   | 1 2 3 5 6 |  6.8
Long Blades    | 1 2 3 5 6 |  6.8
Maces & Flails | 1 2 3 5 6 |  6.8
Polearms       | 1 2 3 5 6 |  6.8
Staves         | 1 2 3 5 6 |  6.8
Slings         | 1 2 3 5 6 |  6.8
Bows           | 1 2 3 5 6 |  6.8
Crossbows      | 1 2 3 5 6 |  6.8
Throwing       | 1 2 3 5 6 |  6.8
Dodging        | 1 2 3 5 6 |  6.8
Stealth        | 1 2 3 5 6 |  6.8
Unarmed Combat | 1 2 3 5 6 |  6.8
Spellcasting   | 1 2 3 5 6 |  6.8
Evocations     | 1 2 3 5 6 |  6.8
Conjurations   | 1 2 3 4 5 |  5.6
Hexes          | 1 2 3 4 5 |  5.6
Charms         | 1 2 3 4 5 |  5.6
Summonings     | 1 2 3 4 5 |  5.6
Necromancy     | 1 2 3 4 5 |  5.6
Translocations | 1 2 3 4 5 |  5.6
Transmutations | 1 2 3 4 5 |  5.6
Fire Magic     | 1 2 3 4 5 |  5.6
Ice Magic      | 1 2 3 4 5 |  5.6
Air Magic      | 1 2 3 4 5 |  5.6
Earth Magic    | 1 2 3 4 5 |  5.6
Poison Magic   | 1 2 3 4 5 |  5.6
Axes           | 5 6 7 8 |  8.3
Fighting       | 7 8 9 |  9.5
Armour         | 7 8 9 |  9.5
Shields        | 7 8 9 |  9.5

Action                   |  1- 3 |  4- 6 |  7- 9 | 10-12 || total
-------------------------+-------+-------+-------+-------++-------
Melee: War axe           |    82 |   101 |   291 |   364 ||   838
       Bite              |    12 |     8 |    43 |    66 ||   129
       Unarmed           |       |       |    17 |       ||    17
       Scimitar          |       |       |       |    15 ||    15
Invok: Greater Healing   |       |       |       |     4 ||     4
       Divine Protection |       |       |       |     2 ||     2
       Heal Other        |       |       |       |     1 ||     1
       Divine Vigour     |       |       |       |     1 ||     1
Evoke: Wand              |       |       |    22 |       ||    22
  Use: Scroll            |     3 |     8 |     6 |     5 ||    22
       Potion            |     2 |     5 |     3 |     4 ||    14
  Eat: Chunk             |     1 |     4 |     7 |     8 ||    20
       Ration            |       |     1 |     6 |     7 ||    14
Armor: Scale mail        |    34 |    45 |    17 |       ||    96
       Chain mail        |       |       |   124 |   189 ||   313
Dodge: Dodged            |    45 |    26 |   106 |   204 ||   381
Block: Kite shield       |    66 |    53 |   250 |   338 ||   707
       Rpst.: Scimitar   |       |       |       |     2 ||     2
